Workbook
Name Slicer_Approval_Status: #N/A
Name Slicer_Category: #N/A
Name Slicer_Department: #N/A
Name Slicer_Payment_Method: #N/A

Sheet Transactions
A1: Date | B1: Department | C1: Category | D1: Amount (INR) | E1: Payment Method | F1: Approval Status
A2: 45296 | B2: Engineering | C2: Software | D2: 45000 | E2: Corporate Card | F2: Approved
A3: 45299 | B3: HR | C3: Training | D3: 28000 | E3: Bank Transfer | F3: Approved
A4: 45301 | B4: Marketing | C4: Advertising | D4: 95000 | E4: Corporate Card | F4: Approved
A5: 45306 | B5: Operations | C5: Travel | D5: 32000 | E5: Cash | F5: Pending
A6: 45309 | B6: Finance | C6: Consulting | D6: 65000 | E6: Bank Transfer | F6: Approved
A7: 45313 | B7: Engineering | C7: Hardware | D7: 88000 | E7: Corporate Card | F7: Approved
A8: 45316 | B8: Sales | C8: Entertainment | D8: 15000 | E8: Cash | F8: Rejected
A9: 45319 | B9: HR | C9: Recruitment | D9: 42000 | E9: Bank Transfer | F9: Approved
A10: 45325 | B10: Marketing | C10: Events | D10: 120000 | E10: Corporate Card | F10: Approved
A11: 45329 | B11: Engineering | C11: Software | D11: 56000 | E11: Corporate Card | F11: Approved
A12: 45334 | B12: Operations | C12: Supplies | D12: 18000 | E12: Cash | F12: Approved
A13: 45337 | B13: Finance | C13: Audit | D13: 75000 | E13: Bank Transfer | F13: Pending
... A41: 45478 | B41: Marketing | C41: Advertising | D41: 125000 | E41: Corporate Card | F41: Approved

Sheet Dashboard_Data
A1: Monthly Expense | D1: Department Expense | G1: Category Expense | J1: Approval Status | M1: Payment Method | Q1: KPI | R1: Value
A2: Month | B2: Expense (INR) | D2: Department | E2: Expense (INR) | G2: Category | H2: Expense (INR) | J2: Approval Status | K2: Expense (INR) | M2: Payment Method | N2: Expense (INR) | Q2: Total Expense | R2: =SUBTOTAL(109,tblExpenses[Amount (INR)]) -> 2646000
A3: {=_xlfn.LET(_xlpm.s,EOMONTH(MIN(tblExpenses[Date]),-1)+1,_xlpm.e,EOMONTH(MAX(tblExpenses[Date]),-1)+1,EDATE(_xlpm.s,_xlfn.SEQUENCE(DATEDIF(_xlpm.s,_xlpm.e,"m")+1,,0)))} -> 45292 | B3: {=_xlfn.MAP(_xlfn.ANCHORARRAY(A3),_xlfn.LAMBDA(_xlpm.m,SUMPRODUCT((tblExpenses[Date]>=_xlpm.m)*(tblExpenses[Date]<EDATE(_xlpm.m,1))*SUBTOTAL(109,OFFSET(tblExpenses[Amount (INR)],ROW(tblExpenses[Amount (INR)])-MIN(ROW(tblExpenses[Amount (INR)])),0,1)))))} -> 410000 | D3: {=_xlfn.LET(_xlpm.u,_xlfn.UNIQUE(tblExpenses[Department]),_xlpm.v,_xlfn.MAP(_xlpm.u,_xlfn.LAMBDA(_xlpm.x,SUMPRODUCT((tblExpenses[Department]=_xlpm.x)*SUBTOTAL(109,OFFSET(tblExpenses[Amount (INR)],ROW(tblExpenses[Amount (INR)])-MIN(ROW(tblExpenses[Amount (INR)])),0,1))))),_xlfn.SORTBY(_xlfn.HSTACK(_xlpm.u,_xlpm.v),_xlpm.v,-1))} -> Marketing | E3: 679000 | G3: {=_xlfn.LET(_xlpm.u,_xlfn.UNIQUE(tblExpenses[Category]),_xlpm.v,_xlfn.MAP(_xlpm.u,_xlfn.LAMBDA(_xlpm.x,SUMPRODUCT((tblExpenses[Category]=_xlpm.x)*SUBTOTAL(109,OFFSET(tblExpenses[Amount (INR)],ROW(tblExpenses[Amount (INR)])-MIN(ROW(tblExpenses[Amount (INR)])),0,1))))),_xlfn.SORTBY(_xlfn.HSTACK(_xlpm.u,_xlpm.v),_xlpm.v,-1))} -> Advertising | H3: 328000 | J3: {=_xlfn.LET(_xlpm.u,_xlfn.UNIQUE(tblExpenses[Approval Status]),_xlpm.v,_xlfn.MAP(_xlpm.u,_xlfn.LAMBDA(_xlpm.x,SUMPRODUCT((tblExpenses[Approval Status]=_xlpm.x)*SUBTOTAL(109,OFFSET(tblExpenses[Amount (INR)],ROW(tblExpenses[Amount (INR)])-MIN(ROW(tblExpenses[Amount (INR)])),0,1))))),_xlfn.SORTBY(_xlfn.HSTACK(_xlpm.u,_xlpm.v),_xlpm.v,-1))} -> Approved | K3: 2337000 | M3: {=_xlfn.LET(_xlpm.u,_xlfn.UNIQUE(tblExpenses[Payment Method]),_xlpm.v,_xlfn.MAP(_xlpm.u,_xlfn.LAMBDA(_xlpm.x,SUMPRODUCT((tblExpenses[Payment Method]=_xlpm.x)*SUBTOTAL(109,OFFSET(tblExpenses[Amount (INR)],ROW(tblExpenses[Amount (INR)])-MIN(ROW(tblExpenses[Amount (INR)])),0,1))))),_xlfn.SORTBY(_xlfn.HSTACK(_xlpm.u,_xlpm.v),_xlpm.v,-1))} -> Corporate Card | N3: 1382000 | Q3: Transactions | R3: =SUBTOTAL(103,tblExpenses[Date]) -> 40
A4: 45323 | B4: 399000 | D4: Engineering | E4: 617000 | G4: Commission | H4: 313000 | J4: Pending | K4: 272000 | M4: Bank Transfer | N4: 1105000 | Q4: Average Expense | R4: =IFERROR(R2/R3,0) -> 66150
A5: 45352 | B5: 464000 | D5: Sales | E5: 446000 | G5: Events | H5: 255000 | J5: Rejected | K5: 37000 | M5: Cash | N5: 159000 | Q5: Pending Expense | R5: {=SUMPRODUCT((tblExpenses[Approval Status]="Pending")*SUBTOTAL(109,OFFSET(tblExpenses[Amount (INR)],ROW(tblExpenses[Amount (INR)])-MIN(ROW(tblExpenses[Amount (INR)])),0,1)))} -> 272000
A6: 45383 | B6: 360000 | D6: HR | E6: 416000 | G6: Cloud Services | H6: 208000 | Q6: Latest Date | R6: =MAX(tblExpenses[Date]) -> 45478
A7: 45413 | B7: 471000 | D7: Finance | E7: 344000 | G7: Benefits | H7: 207000 | Q7: Pending % | R7: =IFERROR(R5/R2,0) -> 0.10279667
A8: 45444 | B8: 417000 | D8: Operations | E8: 144000 | G8: Software | H8: 175000 | Q8: Largest Expense | R8: {=IFERROR(MAX(_xlfn._xlws.FILTER(tblExpenses[Amount (INR)],SUBTOTAL(103,OFFSET(tblExpenses[Date],ROW(tblExpenses[Date])-MIN(ROW(tblExpenses[Date])),0,1)))),0)} -> 168000
A9: 45474 | B9: 125000 | G9: Hardware | H9: 162000 | Q9: Data Rows | R9: =ROWS(tblExpenses[Date]) -> 40
G10: Travel | H10: 153000
G11: Consulting | H11: 147000
G12: Research | H12: 146000
G13: Audit | H13: 123000
G14: Training | H14: 112000
G15: Recruitment | H15: 97000
G16: Design | H16: 96000
G17: Maintenance | H17: 58000
G18: Entertainment | H18: 34000
G19: Supplies | H19: 32000
A33: Top 5 Expenses
A34: Date | B34: Department | C34: Category | D34: Amount | E34: Approval Status
A35: {=_xlfn.LET(_xlpm.v,SUBTOTAL(103,OFFSET(tblExpenses[Date],ROW(tblExpenses[Date])-MIN(ROW(tblExpenses[Date])),0,1)),_xlpm.f,_xlfn._xlws.FILTER(tblExpenses[[Date]:[Approval Status]],_xlpm.v),_xlpm.s,_xlfn.TAKE(_xlfn.SORTBY(_xlpm.f,INDEX(_xlpm.f,,4),-1),5),_xlfn.CHOOSECOLS(_xlpm.s,1,2,3,4,6))} -> 45460 | B35: Sales | C35: Commission | D35: 168000 | E35: Approved
A36: 45369 | B36: Sales | C36: Commission | D36: 145000 | E36: Approved
A37: 45415 | B37: Marketing | C37: Events | D37: 135000 | E37: Approved
A38: 45478 | B38: Marketing | C38: Advertising | D38: 125000 | E38: Approved
A39: 45325 | B39: Marketing | C39: Events | D39: 120000 | E39: Approved

Sheet Dashboard
A1: HR EXPENSE DASHBOARD
A3: Executive Expense Analytics | January–July 2024 | M3: ="Last Updated: "&TEXT(Dashboard_Data!R6,"dd-mmm-yyyy") -> Last Updated: 05-Jul-2024
A5: TOTAL EXPENSE | E5: TRANSACTIONS | I5: AVERAGE EXPENSE | M5: PENDING EXPENSE
A6: =Dashboard_Data!R2/100000 -> 26.46 | E6: =Dashboard_Data!R3 -> 40 | I6: =Dashboard_Data!R4 -> 66150 | M6: =Dashboard_Data!R5/100000 -> 2.72
A8: Recorded spend | E8: Visible records | I8: Per transaction | M8: =TEXT(Dashboard_Data!R7,"0.0%")&" of total" -> 10.3% of total
A10: Monthly Expense Trend | K10: Expense by Department
A27: Expense by Category | K27: Approval Status
A46: Expense by Payment Method | I46: Top 5 Expenses
I47: Date | K47: Department | M47: Category | O47: Amount | Q47: Approval Status
I48: =IFERROR(INDEX(_xlfn.ANCHORARRAY(Dashboard_Data!$A$35),1,1),"") -> 45460 | K48: =IFERROR(INDEX(_xlfn.ANCHORARRAY(Dashboard_Data!$A$35),1,2),"") -> Sales | M48: =IFERROR(INDEX(_xlfn.ANCHORARRAY(Dashboard_Data!$A$35),1,3),"") -> Commission | O48: =IFERROR(INDEX(_xlfn.ANCHORARRAY(Dashboard_Data!$A$35),1,4),"") -> 168000 | Q48: =IFERROR(INDEX(_xlfn.ANCHORARRAY(Dashboard_Data!$A$35),1,5),"") -> Approved
I50: =IFERROR(INDEX(_xlfn.ANCHORARRAY(Dashboard_Data!$A$35),2,1),"") -> 45369 | K50: =IFERROR(INDEX(_xlfn.ANCHORARRAY(Dashboard_Data!$A$35),2,2),"") -> Sales | M50: =IFERROR(INDEX(_xlfn.ANCHORARRAY(Dashboard_Data!$A$35),2,3),"") -> Commission | O50: =IFERROR(INDEX(_xlfn.ANCHORARRAY(Dashboard_Data!$A$35),2,4),"") -> 145000 | Q50: =IFERROR(INDEX(_xlfn.ANCHORARRAY(Dashboard_Data!$A$35),2,5),"") -> Approved
I52: =IFERROR(INDEX(_xlfn.ANCHORARRAY(Dashboard_Data!$A$35),3,1),"") -> 45415 | K52: =IFERROR(INDEX(_xlfn.ANCHORARRAY(Dashboard_Data!$A$35),3,2),"") -> Marketing | M52: =IFERROR(INDEX(_xlfn.ANCHORARRAY(Dashboard_Data!$A$35),3,3),"") -> Events | O52: =IFERROR(INDEX(_xlfn.ANCHORARRAY(Dashboard_Data!$A$35),3,4),"") -> 135000 | Q52: =IFERROR(INDEX(_xlfn.ANCHORARRAY(Dashboard_Data!$A$35),3,5),"") -> Approved
I54: =IFERROR(INDEX(_xlfn.ANCHORARRAY(Dashboard_Data!$A$35),4,1),"") -> 45478 | K54: =IFERROR(INDEX(_xlfn.ANCHORARRAY(Dashboard_Data!$A$35),4,2),"") -> Marketing | M54: =IFERROR(INDEX(_xlfn.ANCHORARRAY(Dashboard_Data!$A$35),4,3),"") -> Advertising | O54: =IFERROR(INDEX(_xlfn.ANCHORARRAY(Dashboard_Data!$A$35),4,4),"") -> 125000 | Q54: =IFERROR(INDEX(_xlfn.ANCHORARRAY(Dashboard_Data!$A$35),4,5),"") -> Approved
I56: =IFERROR(INDEX(_xlfn.ANCHORARRAY(Dashboard_Data!$A$35),5,1),"") -> 45325 | K56: =IFERROR(INDEX(_xlfn.ANCHORARRAY(Dashboard_Data!$A$35),5,2),"") -> Marketing | M56: =IFERROR(INDEX(_xlfn.ANCHORARRAY(Dashboard_Data!$A$35),5,3),"") -> Events | O56: =IFERROR(INDEX(_xlfn.ANCHORARRAY(Dashboard_Data!$A$35),5,4),"") -> 120000 | Q56: =IFERROR(INDEX(_xlfn.ANCHORARRAY(Dashboard_Data!$A$35),5,5),"") -> Approved
A61: Management Insights
A62: =INDEX(_xlfn.ANCHORARRAY(Dashboard_Data!D3),1,1)&" is the highest-spending department at ₹"&TEXT(INDEX(_xlfn.ANCHORARRAY(Dashboard_Data!D3),1,2),"#,##0")&"." -> Marketing is the highest-spending department at ₹6,79,000.
A63: {=INDEX(_xlfn.ANCHORARRAY(Dashboard_Data!D3),ROWS(_xlfn.ANCHORARRAY(Dashboard_Data!D3)),1)&" is the lowest-spending department at ₹"&TEXT(INDEX(_xlfn.ANCHORARRAY(Dashboard_Data!D3),ROWS(_xlfn.ANCHORARRAY(Dashboard_Data!D3)),2),"#,##0")&"."} -> Operations is the lowest-spending department at ₹1,44,000.
A64: =INDEX(_xlfn.ANCHORARRAY(Dashboard_Data!G3),1,1)&" is the largest expense category at ₹"&TEXT(INDEX(_xlfn.ANCHORARRAY(Dashboard_Data!G3),1,2),"#,##0")&"." -> Advertising is the largest expense category at ₹3,28,000.
A65: {=TEXT(INDEX(_xlfn.ANCHORARRAY(Dashboard_Data!A3),_xlfn.XMATCH(MAX(_xlfn.ANCHORARRAY(Dashboard_Data!B3)),_xlfn.ANCHORARRAY(Dashboard_Data!B3))),"mmmm")&" recorded the highest monthly expense at ₹"&TEXT(MAX(_xlfn.ANCHORARRAY(Dashboard_Data!B3)),"#,##0")&"."} -> May recorded the highest monthly expense at ₹4,71,000.
A66: {=_xlfn.LET(_xlpm.u,_xlfn.UNIQUE(tblExpenses[Department]),_xlpm.v,_xlfn.MAP(_xlpm.u,_xlfn.LAMBDA(_xlpm.x,SUMPRODUCT((tblExpenses[Department]=_xlpm.x)*(tblExpenses[Approval Status]="Pending")*SUBTOTAL(109,OFFSET(tblExpenses[Amount (INR)],ROW(tblExpenses[Amount (INR)])-MIN(ROW(tblExpenses[Amount (INR)])),0,1))))),_xlpm.m,MAX(_xlpm.v),IF(_xlpm.m=0,"No pending expense in the current filter.","₹"&TEXT(Dashboard_Data!R5,"#,##0")&" remains pending ("&TEXT(Dashboard_Data!R7,"0.0%")&"); "&INDEX(_xlpm.u,_xlfn.XMATCH(_xlpm.m,_xlpm.v))&" carries the highest pending amount at ₹"&TEXT(_xlpm.m,"#,##0")&"."))} -> ₹2,72,000 remains pending (10.3%); Finance carries the highest pending amount at ₹1,23,000.
A67: {=_xlfn.LET(_xlpm.u,_xlfn.UNIQUE(tblExpenses[Payment Method]),_xlpm.v,_xlfn.MAP(_xlpm.u,_xlfn.LAMBDA(_xlpm.x,SUMPRODUCT((tblExpenses[Payment Method]=_xlpm.x)*SUBTOTAL(103,OFFSET(tblExpenses[Date],ROW(tblExpenses[Date])-MIN(ROW(tblExpenses[Date])),0,1))))),_xlpm.m,MAX(_xlpm.v),INDEX(_xlpm.u,_xlfn.XMATCH(_xlpm.m,_xlpm.v))&" is the most-used payment method, appearing in "&_xlpm.m&" visible transactions.")} -> Corporate Card is the most-used payment method, appearing in 19 visible transactions.
A68: ="Largest visible transaction: ₹"&TEXT(Dashboard_Data!R8,"#,##0")&". July is a partial-month period in the supplied dataset." -> Largest visible transaction: ₹1,68,000. July is a partial-month period in the supplied dataset.
A70: Data Quality Notes
A71: 40 rows checked: no blank required fields, invalid amounts, duplicate transactions, invalid statuses, or invalid payment methods found.
A72: July contains one transaction dated 05-Jul-2024 and is treated as partial-month data.
